Map: Cyber Forest LE

Players

Mez - Winner!

  • Race: Terran Terran
  • League: Master
  • Spawn Location: 11:00

PacMan

  • Race: Zerg Zerg
  • League: Master
  • Spawn Location: 5:00

VOD

Have the link to the VOD?

Description

Time

  • Played on: July 30, 2019, 4 a.m.
  • Length: 12:09
Show
View Real Time Build Order
Export as new Build Order

Mez Terran - Winner!

Build Orders: Reaper Expand 

Get SALT Encoding   

  12  0:00  SCV  
  13  0:13  SCV  
  14  0:17  Supply Depot  
  14  0:25  SCV  
  15  0:38  SCV  
  15  0:41  Barracks  
  16  0:45  Refinery  
  16  0:50  SCV  
  17  1:03  SCV  
  18  1:15  SCV  
  19  1:29  Reaper, Orbital Command  
  20  1:42  Command Center  
  20  1:53  Barracks  
  20  1:56  SCV  
  21  2:04  Barracks Reactor  
  21  2:11  Barracks  
  20  2:16  Supply Depot  
  19  2:42  SCV  
  20  2:45  Marine x2, Barracks Tech Lab  
  22  2:55  SCV  
  23  3:00  Marine  
  23  3:03  Marine x2  
  26  3:06  Marine  
  26  3:07  Combat Shield  
  26  3:09  Orbital Command  
  26  3:11  SCV  
  28  3:19  Marine  
  29  3:21  Marine x2  
  29  3:25  SCV, Supply Depot  
  29  3:27  Marine  
  33  3:34  SCV  
  33  3:37  Bunker, SCV  
  33  3:39  Marine x3  
  38  3:47  SCV  
  39  3:49  SCV, Supply Depot  
  40  3:59  SCV  
  40  4:01  SCV  
  40  4:02  Marine x3  
  45  4:08  Engineering Bay  
  45  4:10  Marine  
  45  4:11  SCV  
  45  4:13  SCV  
  45  4:16  Supply Depot  
  48  4:23  SCV  
  49  4:25  Marine x3  
  49  4:26  SCV  
  49  4:28  Stimpack  
  53  4:36  SCV  
  53  4:37  Factory  
  53  4:38  SCV  
  55  4:39  Refinery  
  55  4:48  Marine x2, Marauder  
  55  4:49  Marine  
  55  4:50  SCV x2  
  59  5:03  SCV x2  
  59  5:06  Marine x2  
  62  5:07  Marine  
  62  5:09  Marine  
  62  5:15  SCV x2  
  63  5:24  Refinery  
  63  5:25  Factory Reactor  
  63  5:27  SCV x2, Starport  
  64  5:29  Barracks Reactor  
  64  5:30  Marine x2  
  66  5:39  SCV x2  
  68  5:45  Terran Infantry Weapons Level 1  
  68  5:50  Supply Depot  
  68  5:51  SCV x2, Supply Depot  
  70  6:12  SCV  
  70  6:17  Marine x4, Marauder  
  77  6:19  SCV  
  77  6:23  Medivac x2  
  77  6:24  Refinery, SCV  
  83  6:28  Command Center  
  83  6:29  Supply Depot  
  83  6:31  Supply Depot  
  83  6:35  Marine  
  83  6:37  SCV x2, Barracks x2  
  86  6:40  Supply Depot  
  86  6:53  Medivac x2  
  88  6:54  SCV x2  
  88  7:06  Supply Depot  
  88  7:07  SCV  
  88  7:08  SCV, Supply Depot x2  
  78  7:09  Supply Depot  
  75  7:17  Marine x2  
  76  7:23  Supply Depot x2  
  76  7:28  Marine x2, Marauder  
  80  7:31  Barracks Reactor, Barracks Tech Lab  
  80  7:32  Concussive Shells  
  80  7:34  Marine  
  80  7:35  Supply Depot  
  78  7:37  SCV x2  
  78  7:38  Supply Depot  
  78  7:41  Marine  
  80  7:46  Marine x2  
  80  7:50  Marauder x2  
  80  7:52  Marine  
  77  7:59  Marine  
  78  8:09  Marine x4  
  78  8:10  Marine  
  78  8:11  Marauder x2  
  87  8:13  SCV x2, Supply Depot  
  87  8:17  Marine  
  87  8:18  Terran Infantry Armor Level 1  
  90  8:20  Medivac  
  90  8:25  SCV  
  90  8:26  Marine  
  90  8:27  Marine x2  
  94  8:32  Marine x3  
  99  8:35  Orbital Command  
  99  8:37  Marine  
  100  8:45  Marine x4  
  100  8:47  SCV  
  100  8:48  SCV  
  106  8:50  Marine  
  106  8:51  Marine x2  
  106  8:55  Marine  
  109  9:00  SCV x2  
  106  9:03  Marine x3  
  106  9:04  Marauder  
  106  9:08  Marine  
  107  9:10  Marauder  
  107  9:12  SCV  
  94  9:25  Marauder  
  94  9:26  SCV x3  
  101  9:31  Marauder  
  101  9:36  Supply Depot  
  101  9:38  SCV x3, Marine x2  
  106  9:47  Marauder  
  106  9:50  SCV x2, Marine x4  
  106  9:52  Marine  
  114  9:56  Marine  
  113  10:00  SCV  
  113  10:02  SCV, Medivac x2  
  113  10:04  Orbital Command  
  113  10:12  SCV  
  113  10:14  SCV  
  114  10:24  SCV  
  114  10:26  SCV  
  116  10:35  Medivac x2  
  116  10:36  SCV  
  116  10:37  SCV  
  116  10:38  SCV  
  123  10:44  Marine  
  123  10:45  Marine x7  
  131  10:53  Engineering Bay, SCV  
  131  10:54  SCV, Armory  
  133  11:02  Marine x3  
  133  11:03  Marine  
  137  11:13  SCV x2  
  139  11:22  Marine x5, Marauder  
  139  11:23  Marine, Marauder  
  146  11:40  Marine x2  
  146  11:44  Marauder x2  
Show
View Real Time Build Order
Export as new Build Order

PacMan Zerg 

Build Orders: Pool First, Roach Nydus 

Get SALT Encoding   

  12  0:02  Drone  
  13  0:12  Overlord  
  13  0:18  Drone  
  14  0:30  Drone  
  14  0:31  Drone  
  14  0:35  Drone  
  17  0:46  Spawning Pool  
  17  0:50  Drone  
  17  1:11  Hatchery  
  16  1:14  Drone  
  17  1:27  Extractor  
  16  1:33  Zergling x2  
  16  1:34  Zergling x4  
  16  1:35  Queen  
  21  1:45  Overlord  
  21  1:56  Drone  
  22  2:06  Drone  
  23  2:11  Queen  
  25  2:16  Drone  
  25  2:22  Queen  
  26  2:23  Drone  
  28  2:35  Drone x2  
  28  2:47  Drone  
  28  2:48  Drone x4  
  33  2:54  Lair  
  33  3:03  Roach Warren  
  32  3:05  Drone  
  32  3:07  Drone  
  32  3:09  Drone  
  35  3:17  Drone  
  35  3:19  Overlord  
  36  3:27  Overlord, Extractor  
  36  3:28  Extractor  
  36  3:29  Drone x2  
  36  3:46  Drone x6  
  42  3:49  Overlord  
  42  3:56  Nydus Network  
  41  4:04  Roach  
  41  4:05  Roach  
  41  4:09  Roach  
  47  4:10  Roach  
  47  4:13  Roach  
  47  4:16  Roach  
  53  4:25  Roach x3  
  53  4:30  Overlord  
  59  4:36  Nydus Canal  
  59  4:51  Nydus Canal  
  59  4:57  Roach x6  
  63  5:09  Nydus Canal  
  63  5:13  Roach x3  
  65  5:16  Overlord x3  
  63  5:25  Nydus Canal  
  61  5:31  Roach x2  
  61  5:32  Overseer  
  61  5:35  Queen  
  65  5:37  Queen  
  67  5:56  Nydus Canal  
  67  5:57  Overseer  
  67  6:02  Roach x6  
  79  6:08  Overseer  
  79  6:12  Overlord  
  79  6:25  Nydus Canal  
  79  6:28  Drone x3  
  82  6:53  Nydus Canal  
  80  7:00  Roach x6  
  62  7:18  Roach x6  
  66  7:31  Nydus Canal  
  64  7:39  Roach x2  
  66  7:48  Overseer  
  66  7:53  Roach x8  
  76  7:59  Roach x2  
  80  8:09  Roach x2  
  84  8:15  Overseer  
  84  8:19  Evolution Chamber, Hatchery  
  82  8:21  Drone x2  
  82  8:22  Evolution Chamber  
  82  8:25  Nydus Canal  
  83  8:27  Overlord x2  
  83  8:44  Nydus Canal  
  85  8:48  Roach  
  85  8:49  Roach x7  
  85  8:54  Zerg Ground Armor Level 1, Zerg Melee Weapons Level 1  
  99  9:02  Nydus Canal  
  99  9:14  Overlord  
  99  9:15  Overlord x3  
  67  9:25  Roach x8  
  83  9:45  Nydus Canal  
  83  9:50  Roach  
  83  9:51  Roach x4  
  91  9:59  Nydus Canal  
  91  10:06  Roach x5  
  97  10:16  Roach x3  
  101  10:25  Roach x2  
  101  10:26  Roach  
  101  10:28  Overseer  
  107  10:36  Overseer  
  107  10:47  Zergling x22  
  118  11:00  Nydus Canal  
  118  11:04  Zergling x2  
  118  11:05  Zergling x10  
  110  11:33  Nydus Canal  
Tags
 
Add a new tag
Caveats
  • Supply blocks, unpowered buildings, or Contaminate may cause inaccurate times.
  • Supply counts are checked every 10 seconds.